 Dungeon Crawl Stone Soup version 0.22.0-38-g04b72b8 (webtiles) character file.

40891 iamserjio the Brawler (level 13, 0/137 HPs)
             Began as a Troll Fighter on Aug 25, 2018.
             Was the Champion of Okawaru.
             Killed from afar by a deep elf knight (45 damage)
             ... with a shard of ice
             ... on level 1 of the Elven Halls.
             The game lasted 00:40:10 (4953 turns).

iamserjio the Brawler (Troll Fighter)               Turns: 4953, Time: 00:40:11

Health: 0/137      AC: 13    Str: 27    XL:     13   Next: 77%
Magic:  14/16      EV: 13    Int:  8    God:    Okawaru [******]
Gold:   73         SH: 13    Dex:  9    Spells: 16/18 levels left

rFire    . . .     SeeInvis +     - Unarmed
rCold    . . .     Gourm    +   b - +1 shield
rNeg     . . .     Faith    +   x - +0 troll leather armour
rPois    .         Spirit   .   (helmet restricted)
rElec    .         Reflect  .   f - +1 cloak
rCorr    .         Harm     .   (gloves unavailable)
MR       .....                  (boots unavailable)
Stlth    ++........             H - amulet of faith
HPRegen  1.12/turn              K - ring of see invisible
MPRegen  0.15/turn              C - +3 ring of protection

@: heroism
A: large, unfitting armour, claws 3, fast metabolism 3, gourmand, regeneration
1, shaggy fur 1, tough skin 2
a: Heroism, Finesse, Renounce Religion


You were on level 1 of the Elven Halls.
You worshipped Okawaru.
Okawaru was exalted by your worship.
You were not hungry.

You visited 4 branches of the dungeon, and saw 16 of its levels.

You collected 853 gold pieces.
You spent 780 gold pieces at shops.

Inventory:

Hand Weapons
 q - the +5 whip "Segriha" {speed, rPois rC+}
   (You found it on level 4 of the Dungeon)

   Attacks with this weapon are significantly faster.
   It protects you from cold.
   It protects you from poison.
 z - a +0 morningstar
 U - a +0 demon trident of flaming
Missiles
 j - 4 large rocks
 L - 2 javelins of penetration (quivered)
Armour
 a - a +0 robe
 b - a +1 shield (worn)
 f - a +1 cloak (worn)
 x - a +0 troll leather armour (worn)
 Q - the -4 hat "Vojieq" {rC- rN+ Dex+6 Stlth+}
   (Okawaru gifted it to you on level 11 of the Dungeon)

   It affects your dexterity (+6).
   It makes you vulnerable to cold.
   It protects you from negative energy.
   It makes you more stealthy.
 R - +0 acid dragon scales
 T - a +2 robe of resistance
 V - a scarf of cloud immunity
Magical Staves
 J - an uncursed staff of fire {unknown}
Jewellery
 k - an uncursed ring of protection from fire
 C - a +3 ring of protection (right claw)
 F - an uncursed ring of protection from cold
 H - an amulet of faith (around neck)
 K - a ring of see invisible (left claw)
Wands
 p - a wand of acid (10)
 E - a wand of disintegration (34)
 I - a wand of polymorph (9)
 N - a wand of enslavement (9)
 S - a wand of random effects (14)
Scrolls
 e - 4 scrolls of enchant weapon {unknown}
 g - a scroll of noise
 h - a scroll of fog {unknown}
 l - 2 scrolls of fear
 m - 3 scrolls of remove curse {@r2}
 r - 4 scrolls of teleportation
 s - 3 scrolls of amnesia
 y - a scroll of immolation
 D - 2 scrolls of blinking {unknown}
 M - a scroll of torment {unknown}
 P - a scroll of summoning
Potions
 c - 3 potions of might
 i - 3 potions of ambrosia
 n - 2 potions of berserk rage
 o - 2 potions of cancellation
 t - 2 potions of resistance {unknown}
 u - a potion of heal wounds
 v - 2 potions of brilliance {unknown}
 w - 2 potions of flight
 A - 3 potions of curing {@q1}
 B - 2 potions of lignification
 G - a potion of invisibility {unknown}
 W - a potion of haste
Miscellaneous
 O - a fan of gales
Comestibles
 d - 12 rations


   Skills:
 * Level 11.5(16.5) Fighting
 - Level 4.0(9.0) Dodging
 + Level 6.2(11.2) Shields
 + Level 15.7(20.7) Unarmed Combat
 - Level 3.1 Spellcasting
 - Level 2.8 Transmutations
 - Level 5.0 Invocations
 - Level 1.0 Evocations


You had 16 spell levels left.
You knew the following spells:

 Your Spells              Type           Power        Failure   Level  Hunger
a - Sticks to Snakes      Tmut           #.......     17%         2    ###....

Your spell library contained the following spells:

 Spells                   Type           Power        Failure   Level  Hunger
 Beastly Appendage        Tmut           #.....       11%         1    ##.....
 Spider Form              Tmut/Pois      #.........   52%         3    ####...
 Ice Form                 Ice/Tmut       #.......     89%         4    #####..
 Blade Hands              Tmut           #.........   97%         5    ######.


Dungeon Overview and Level Annotations

Branches:
Dungeon (12/15)            Temple (1/1) D:4            Lair (0/6) D:10
    Orc (2/2) D:12            Elf (1/3) Orc:2

Altars:
Dithmenos
Elyvilon
Fedhas
Gozag
Kikubaaqudgha
Makhleb
Nemelex Xobeh
Okawaru
Qazlal
Ru
Sif Muna
Trog
Uskayaw
Vehumet
Wu Jian
Yredelemnul
Zin
The Shining One
Beogh

Shops:
D:11 ?   D:12 :   Orc:1 ?   Orc:2 [}%!

Portals:
Pandemonium: Orc:2

Annotations:
D:10 Josephine


Innate Abilities, Weirdness & Mutations

You are too large for most types of armour.
You have claws for hands.
Your metabolism is lightning-fast.
You like to eat raw meat.
Your natural rate of healing is unusually fast.
You are covered in fur. (AC +1)
You have very tough skin. (AC +2)


Message History

The deep elf archer wields an uncursed shortbow.
The deep elf archer shoots an arrow.
The arrow hits you.
Put on which piece of jewellery? (? for menu, Esc to quit)
You're wearing all the rings you can.
Remove which one? (? for menu, Esc to cancel) < or
k - a ring of protection from fire; > or
C - a +3 ring of protection You remove your ring of protection from fire.
You hear some strange, mumbled words.
A shard of ice appears from out of thin air!
You block the shard of ice.
Reactivating autopickup.
K - a ring of see invisible (left claw)
The deep elf knight completely misses you.
You eviscerate the deep elf knight!!!
The deep elf knight is almost dead.
The deep elf archer shoots an arrow.
The arrow misses the deep elf knight.
The arrow hits you!
The deep elf knight casts a spell at you.
The shard of ice hits you!
You die...

#+ #e# #e#
#e#
+#+###e#
#..@#.#
#.#
##.)ee#
#.#
#...(.#
#.#
##....#
#.#
##'..e.#
#.#
##.####+#
#.###.##
####'##)##
#.....'##


You could see 2 deep elf archers and a deep elf knight (invisible).

Vanquished Creatures
  Frances (D:12)
  A hydra (D:12)
  A centaur warrior (D:9)
  2 two-headed ogres
  4 orc high priests (Orc:2)
  Urug (D:10)
  A sun demon (Orc:2)
  8 death yaks (D:11)
  A deep elf knight (Elf:1)
  3 skeletal warriors (D:12)
  2 torturous demonspawn (Orc:2)
  An infernal demonspawn (Orc:2)
  2 deep elf archers (Elf:1)
  4 orc knights (Orc:2)
  A cyclops (Orc:2)
  7 orc sorcerers (Orc:2)
  3 gargoyles (D:12)
  2 orange demons (Orc:2)
  A kobold demonologist (D:12)
  A red devil (Orc:2)
  2 trolls
  4 dream sheep (D:11)
  3 hippogriffs (D:12)
  2 air elementals (Elf:1)
  5 wraiths (D:10)
  26 yaks
  3 humans (D:11)
  A hungry ghost (D:9)
  A chaos spawn (Orc:2)
  5 wargs
  A naga (Orc:1)
  An acid dragon (D:12)
  A black bear (D:10)
  2 phantoms
  33 orc warriors
  2 necrophages
  2 ice beasts
  3 sky beasts (D:5)
  A crocodile (D:12)
  10 ogres
  4 centaurs
  2 big kobolds (D:7)
  8 bullfrogs
  2 gnoll sergeants
  A wyvern skeleton (D:10)
  2 scorpions
  12 killer bees
  3 wights (D:10)
  A howler monkey (D:12)
  25 orc priests
  3 gnoll shamans (D:7)
  6 hounds
  16 orc wizards
  2 bullfrog skeletons
  An iguana (D:8)
  5 worker ants
  A worker ant zombie (D:10)
  16 gnolls
  A howler monkey skeleton (D:9)
  4 adders
  2 shadow imps
  2 dart slugs (D:1)
  5 leopard geckos
  81 orcs
  4 giant cockroaches
  2 goblins (D:1)
  3 hobgoblins (D:1)
  2 jackals (D:4)
  A quokka (D:10)
  A bat (D:1)
  3 frilled lizards
  A kobold (D:1)
  A quokka skeleton (D:5)
  3 rats
  2 fungi (D:7)
  A plant (D:7)
384 creatures vanquished.

Vanquished Creatures (others)
  A human (D:11)
  A fungus (D:7)
2 creatures vanquished.

Grand Total: 386 creatures vanquished

Notes
Turn   | Place    | Note
-------+----------+-------------------------------------------
     0 | D:1      | iamserjio the Troll Fighter began the quest for the Orb.
     0 | D:1      | Reached XP level 1. HP: 22/22 MP: 0/0
   166 | D:1      | Reached XP level 2. HP: 29/29 MP: 1/1
   223 | D:1      | Reached skill level 3 in Unarmed Combat
   390 | D:4      | Got a brightly glowing whip
   401 | D:4      | Reached XP level 3. HP: 36/36 MP: 2/2
   404 | D:4      | Reached skill level 4 in Unarmed Combat
   410 | D:4      | Found a staircase to the Ecumenical Temple.
   421 | Temple   | Entered the Ecumenical Temple
   493 | Temple   | Became a worshipper of Warmaster Okawaru
   549 | D:5      | Entered Level 5 of the Dungeon
   558 | D:5      | Reached XP level 4. HP: 40/44 MP: 3/3
   583 | D:5      | Found a burning altar of Makhleb.
   585 | D:5      | Noticed a balrug
   586 | D:5      | Found a glowing silver altar of Zin.
   587 | D:5      | Noticed an angel
   633 | D:5      | Noticed a centaur
   646 | D:5      | Killed a centaur
   646 | D:5      | Reached skill level 1 in Invocations
   646 | D:5      | Reached XP level 5. HP: 32/50 MP: 4/4
   866 | D:4      | Noticed a troll
   970 | D:4      | Killed a troll
   970 | D:4      | Reached * piety under Okawaru
   970 | D:4      | Reached ** piety under Okawaru
   970 | D:4      | Reached skill level 5 in Unarmed Combat
   970 | D:4      | Reached XP level 6. HP: 33/61 MP: 4/6
  1051 | D:5      | Noticed a sky beast
  1060 | D:5      | Killed a sky beast
  1060 | D:5      | Reached XP level 7. HP: 60/67 MP: 4/7
  1092 | D:5      | Reached skill level 6 in Unarmed Combat
  1241 | D:5      | Reached skill level 7 in Unarmed Combat
  1241 | D:5      | Reached XP level 8. HP: 75/75 MP: 9/9
  1298 | D:6      | Noticed a troll
  1308 | D:6      | Killed a troll
  1361 | D:6      | Reached *** piety under Okawaru
  1436 | D:6      | Noticed a two-headed ogre
  1447 | D:6      | Killed a two-headed ogre
  1447 | D:6      | Reached skill level 9 in Unarmed Combat
  1447 | D:6      | Reached XP level 9. HP: 83/83 MP: 8/11
  1564 | D:7      | Reached skill level 10 in Unarmed Combat
  1701 | D:7      | Reached skill level 11 in Unarmed Combat
  1838 | D:7      | Reached **** piety under Okawaru
  1917 | D:7      | Reached skill level 12 in Unarmed Combat
  2008 | D:8      | Reached XP level 10. HP: 91/91 MP: 9/12
  2202 | D:9      | Noticed a centaur warrior
  2210 | D:9      | Killed a centaur warrior
  2210 | D:9      | Reached skill level 13 in Unarmed Combat
  2284 | D:9      | Reached ***** piety under Okawaru
  2334 | D:10     | Entered Level 10 of the Dungeon
  2347 | D:10     | Noticed a two-headed ogre
  2355 | D:10     | Killed a two-headed ogre
  2355 | D:10     | Reached skill level 1 in Evocations
  2417 | D:10     | Reached skill level 14 in Unarmed Combat
  2456 | D:10     | Found a staircase to the Lair.
  2500 | D:9      | Reached XP level 11. HP: 97/100 MP: 10/13
  2715 | D:10     | Noticed Urug
  2731 | D:10     | Killed Urug
  2731 | D:10     | Received a gift from Okawaru
  2855 | D:10     | Noticed Josephine
  2881 | D:10     | Reached skill level 5 in Fighting
  2919 | D:11     | Received a gift from Okawaru
  3043 | D:11     | Found Heimyf's Magic Scroll Boutique.
  3052 | D:11     | Bought a scroll of summoning for 171 gold pieces
  3052 | D:11     | Bought a scroll of magic mapping for 63 gold pieces
  3116 | D:11     | Noticed a death yak
  3118 | D:11     | Reached skill level 15 in Unarmed Combat
  3127 | D:11     | Killed a death yak
  3137 | D:11     | Noticed a death yak
  3146 | D:11     | Killed a death yak
  3172 | D:11     | Noticed a death yak
  3172 | D:11     | Noticed a death yak
  3172 | D:11     | Noticed a death yak
  3172 | D:11     | Noticed a death yak
  3173 | D:11     | Noticed a death yak
  3173 | D:11     | Noticed a death yak
  3182 | D:11     | Killed a death yak
  3182 | D:11     | Received a gift from Okawaru
  3187 | D:11     | Killed a death yak
  3187 | D:11     | Reached XP level 12. HP: 47/122 MP: 12/14
  3188 | D:11     | Got a fine hat {god gift}
  3197 | D:11     | Killed a death yak
  3204 | D:11     | Killed a death yak
  3213 | D:11     | Killed a death yak
  3217 | D:11     | Killed a death yak
  3217 | D:11     | Reached ****** piety under Okawaru
  3252 | D:11     | Identified the -4 hat "Vojieq" {rC- rN+ Dex+6 Stlth+} (Okawaru gifted it to you on level 11 of the Dungeon)
  3386 | D:12     | Reached skill level 10 in Fighting
  3420 | D:12     | Noticed a four-headed hydra
  3448 | D:12     | Identified the +5 whip "Segriha" {speed, rPois rC+} (You found it on level 4 of the Dungeon)
  3459 | D:12     | Killed a four-headed hydra
  3467 | D:12     | Noticed Frances
  3494 | D:12     | Killed Frances
  3494 | D:12     | Reached skill level 1 in Spellcasting
  3526 | D:12     | Found Cemneun's Book Shop.
  3560 | D:12     | Reached skill level 5 in Invocations
  3633 | D:12     | Found a staircase to the Orcish Mines.
  3688 | D:12     | Learned a level 2 spell: Sticks to Snakes
  3695 | Orc:1    | Entered Level 1 of the Orcish Mines
  3695 | Orc:1    | Found Vint's Magic Scroll Shoppe.
  3698 | Orc:1    | Bought a scroll of fear for 56 gold pieces
  3700 | Orc:1    | Received a gift from Okawaru
  3722 | Orc:1    | Reached skill level 5 in Shields
  3748 | Orc:1    | Noticed Sonja
  3760 | Orc:1    | Noticed Sonja
  3760 | Orc:1    | Sonja changed into Sonja the naga
  3769 | Orc:1    | Killed Sonja the naga
  3967 | Orc:2    | Entered Level 2 of the Orcish Mines
  4147 | Orc:2    | Found a staircase to the Elven Halls.
  4212 | Orc:2    | Reached XP level 13. HP: 113/135 MP: 15/15
  4272 | Orc:2    | Found a roughly hewn altar of Beogh.
  4403 | Orc:2    | Found Mudix's Food Shop.
  4410 | Orc:2    | Reached skill level 1 in Transmutations
  4465 | Orc:2    | Found Ferr's Distillery.
  4521 | Orc:2    | Received a gift from Okawaru
  4718 | Orc:2    | Found Etwa's Gadget Shoppe.
  4718 | Orc:2    | Found a one-way gate leading to the halls of Pandemonium.
  4718 | Orc:2    | Found Ifatan's Antique Armour Emporium.
  4752 | Orc:2    | Received a gift from Okawaru
  4830 | Orc:2    | Bought a potion of lignification for 42 gold pieces
  4830 | Orc:2    | Bought a potion of curing for 42 gold pieces
  4830 | Orc:2    | Bought a potion of curing for 42 gold pieces
  4830 | Orc:2    | Bought a potion of haste for 140 gold pieces
  4830 | Orc:2    | Bought a potion of cancellation for 112 gold pieces
  4830 | Orc:2    | Bought a potion of ambrosia for 112 gold pieces
  4860 | Elf:1    | Entered Level 1 of the Elven Halls
  4953 | Elf:1    | Killed from afar by a deep elf knight

Skill      XL: |  1  2  3  4  5  6  7  8  9 10 11 12 13 |
---------------+----------------------------------------+-----
Unarmed Combat | 3 4 5 7 9 12 14 15 | 15.7
Invocations    | 1 2 3 4 5 |  5.0
Fighting       | 3 4 8 10 11 | 11.5
Dodging        | 3 4 |  4.0
Shields        | 3 4 5 6 |  6.2
Evocations     | 1 |  1.0
Spellcasting   | 2 3 |  3.1
Transmutations | 2 |  2.8

Action                   |  1- 3 |  4- 6 |  7- 9 | 10-12 | 13-15 || total
-------------------------+-------+-------+-------+-------+-------++-------
Melee: Unarmed           |    52 |    50 |   218 |   586 |   251 ||  1157
       Whip              |       |       |       |     9 |       ||     9
Invok: Heroism           |       |     1 |    12 |    25 |    16 ||    54
Evoke: Wand              |       |     2 |     1 |     6 |     2 ||    11
  Use: Scroll            |       |       |     6 |     7 |       ||    13
       Potion            |       |       |       |     2 |     2 ||     4
  Eat: Chunk             |     1 |    14 |     2 |    19 |     6 ||    42
       Ration            |       |       |       |     1 |       ||     1
Armor: Robe              |     8 |    10 |       |       |       ||    18
       Troll leather arm |       |     2 |    35 |   124 |    37 ||   198
Dodge: Dodged            |    17 |    17 |    63 |   151 |    58 ||   306
Block: Shield            |    21 |    25 |    90 |   243 |   111 ||   490
